 Dungeon Crawl Stone Soup version 0.21.1-1-g345015f (webtiles) character file.

56 Lilu the Caller (level 3, -1/24 HPs)
             Began as a Merfolk Summoner on July 21, 2018.
             Was an Initiate of Makhleb.
             Slain by an orc wizard
             ... wielding a +0 dagger
              (4 damage)
             ... on level 3 of the Dungeon.
             The game lasted 00:30:58 (3283 turns).

Lilu the Caller (Merfolk Summoner)                  Turns: 3283, Time: 00:30:58

Health: -1/24      AC:  4    Str:  8    XL:     3   Next: 97%
Magic:  1/7        EV: 13    Int: 15    God:    Makhleb [......]
Gold:   91         SH:  0    Dex: 14    Spells: 5/8 levels left

rFire    . . .     SeeInvis .   m - +0 dagger (venom)
rCold    . . .     Gourm    .   (no shield)
rNeg     . . .     Faith    .   a - +0 robe
rPois    .         Spirit   .   (no helmet)
rElec    .         Reflect  .   (no cloak)
rCorr    .         Harm     .   B - +1 pair of gloves
MR       .....                  (no boots)
Stlth    ++........             (no amulet)
HPRegen  0.08/turn              (no ring)
MPRegen  0.10/turn              (no ring)

@: no status effects
A: change form in water, swift swim, stealthy swim
a: Renounce Religion


You were on level 3 of the Dungeon.
You worshipped Makhleb.
Makhleb was noncommittal.
You were not hungry.

You visited 1 branch of the dungeon, and saw 3 of its levels.

You collected 91 gold pieces.

Inventory:

Hand Weapons
 m - a +0 dagger of venom (weapon)
Missiles
 j - 64 stones (quivered)
 l - 13 bolts
 z - 28 arrows
Armour
 a - a +0 robe (worn)
 B - a +1 pair of gloves (worn)
Scrolls
 k - a scroll of remove curse
 t - a scroll of amnesia
 C - a scroll of teleportation {unknown}
Potions
 d - a potion of might {unknown}
 g - 2 potions of curing {unknown}
 i - 2 potions of brilliance {unknown}
 o - a potion of cancellation {unknown}
 q - 2 potions of flight {unknown}
 w - a potion of ambrosia {unknown}
 A - a potion of haste {unknown}
Books
 b - a book of Callings

   Spells                             Type                      Level
   a - Summon Small Mammal            Summoning                    1
   b - Call Imp                       Summoning                    2
   c - Call Canine Familiar           Summoning                    3
   d - Summon Guardian Golem          Hexes/Summoning              3
   e - Summon Lightning Spire         Summoning/Air                4
   f - Summon Ice Beast               Ice/Summoning                4
Comestibles
 c - 5 rations


   Skills:
 + Level 3.0 Dodging
 - Level 2.2 Stealth
 * Level 3.0 Spellcasting
 * Level 4.7 Summonings


You had 5 spell levels left.
You knew the following spells:

 Your Spells              Type           Power        Failure   Level  Hunger
a - Summon Small Mammal   Summ           ###.         2%          1    #......
b - Call Imp              Summ           ###.....     4%          2    ##.....


Dungeon Overview and Level Annotations

Branches:
Dungeon (3/15)

Altars:
Gozag
Makhleb


Message History

A puff of frost appears from out of thin air!
The puff of frost misses you. Something hits your iron imp.
Your iron imp dies!
Something hits you but does no damage.
Your crimson imp hits something.
Casting: Call Imp
Confirm with . or Enter, or press ? or * to list all spells.
A beastly little devil appears in a puff of flame.
Something hits you but does no damage.
Something closely misses your crimson imp.
The giant cockroach misses you.
Your crimson imp blinks!
You barely miss the giant cockroach. Something hits you but does no damage.
The giant cockroach bites you but does no damage.
Something hits you.
* * * LOW HITPOINT WARNING * * *
Your crimson imp hits the giant cockroach but does no damage.
You hit the giant cockroach but do no damage.
The giant cockroach bites you but does no damage.
Something hits you.
You die... #. .# #....(# #...... . ......# .. #o ...# ..b #. os#

.... #.###)# ....#
#.<†$o####....#
.......###g.{@s5..#
......# ##########
##.### #


You could see an orc, a giant cockroach, a hobgoblin, a bat (sleeping) and a
friendly crimson imp.

Vanquished Creatures
  An ooze (D:1)
  A leopard gecko (D:1)
  A ball python (D:1)
3 creatures vanquished.

Vanquished Creatures (collateral kills)
  A gnoll (D:3)
  2 adders (D:2)
  An ooze (D:1)
  A worm (D:2)
  A dart slug (D:1)
  3 leopard geckos (D:2)
  An orc (D:3)
  3 giant cockroaches (D:1)
  A goblin (D:1)
  3 hobgoblins
  4 jackals
  A quokka (D:2)
  A ball python (D:1)
  8 bats
  5 frilled lizards
  2 kobolds (D:1)
  5 rats
43 creatures vanquished.

Grand Total: 46 creatures vanquished

Notes
Turn   | Place    | Note
-------+----------+-------------------------------------------
     0 | D:1      | Lilu the Merfolk Summoner began the quest for the Orb.
     0 | D:1      | Reached XP level 1. HP: 13/13 MP: 3/3
   576 | D:1      | Reached XP level 2. HP: 4/19 MP: 1/5
   869 | D:1      | Learned a level 2 spell: Call Imp
  1633 | D:2      | Reached XP level 3. HP: 24/24 MP: 0/6
  1929 | D:2      | Found an opulent altar of Gozag.
  2034 | D:2      | Found a burning altar of Makhleb.
  2052 | D:2      | Became a worshipper of Makhleb the Destroyer
  3283 | D:3      | Slain by an orc wizard

Skill      XL: |  1  2  3 |
---------------+----------+-----
Dodging        | 3 |  3.0
Spellcasting   | 3 |  3.0
Stealth        | |  2.2
Summonings     | |  4.7

Action                   || total
-------------------------++-------
Melee: Unarmed           ||    19
       Hand axe          ||     9
       Hunting sling     ||     3
       Dagger            ||     2
 Fire: Hunting sling     ||     1
 Cast: Summon Small Mamm ||    21
       Call Imp          ||    62
  Use: Scroll            ||     6
 Stab: Distracted        ||     1
  Eat: Ration            ||     2
       Chunk             ||     6
Armor: Robe              ||    37
       Leather armour    ||     9
Dodge: Dodged            ||    86
